 Dungeon Crawl Stone Soup version 0.31-a0-174-g85c54bcb58 (webtiles) character file.

Game seed: 16049712666658318695

291 olmar the Insei (level 6, 0/57 HPs)
             Began as an Octopode Transmuter on June 16, 2023.
             Was an Initiate of Gozag.
             Slain by an ogre
             ... wielding a +0 giant club
              (10 damage)
             ... on level 4 of the Dungeon.
             The game lasted 00:04:15 (3695 turns).

olmar the Insei (Octopode Transmuter)               Turns: 3695, Time: 00:04:16

Health: 0/57       AC: 23    Str: 10    XL:     6   Next: 32%
Magic:  8/10       EV:  2    Int: 17    God:    Gozag
Gold:   273        SH:  0    Dex: 12    Spells: 1/11 levels left

rFire   . .          .
                       - Unarmed
rCold   . . .        (no shield)
rNeg    . . .        (helmet currently unavailable)
rPois   +            o - amulet of the acrobat
rElec   .            l - ring of wizardry
rCorr   .            (no ring)
SInv    .            (no ring)
Will    .....        (no ring)
Stlth   ++           (no ring)
HPRegen 0.29/turn    (no ring)
MPRegen 0.12/turn    (no ring)
                     (no ring)

%: acrobat, wizardry (x1)
@: tree-form
A: stationary, stasis, torment immunity, boosted hp, almost no armour,
(amphibious), 8 rings, (camouflage 1), (gelatinous body 1), (nimble swimmer 1),
(tentacles)
a: Renounce Religion, Potion Petition, Call Merchant, Bribe Branch


You were on level 4 of the Dungeon.
You worshipped Gozag.
Gozag was aware of your devotion.
You were a tree.
You visited 1 branch of the dungeon, and saw 4 of its levels.

You collected 343 gold pieces.
You paid 70 gold pieces to Gozag.

Inventory:

Magical Staves
 n - a staff of air
Jewellery
 l - a ring of wizardry (left branch)
 o - an amulet of the acrobat (around neck)
 r - a ring of fire
Wands
 p - a wand of charming (13)
Scrolls
 c - 2 scrolls of fear {unknown}
 e - a scroll of amnesia {unknown}
 g - 3 scrolls of enchant armour {unknown}
 j - 2 scrolls of identify {unknown}
 k - a scroll of fog {unknown}
 m - 2 scrolls of brand weapon {unknown}
 q - a scroll of teleportation {unknown}
Potions
 b - a potion of might {unknown}
 d - a potion of degeneration {unknown}
 f - a potion of haste {unknown}
 h - 2 potions of attraction {unknown}
 i - 2 potions of curing {unknown}


   Skills:
 + Level 1.5 Fighting
 + Level 2.4 Dodging
 + Level 3.8 Stealth
 + Level 4.7 Unarmed Combat
 + Level 3.1 Spellcasting
 + Level 2.9 Transmutations


You had one spell level left.
You knew the following spells:

 Your Spells              Type           Power      Damage    Failure   Level
a - Beastly Appendage     Tmut           24%        N/A       2%          1
b - Wereblood             Tmut           12%        N/A       3%          2
c - Spider Form           Tmut/Pois      7%         N/A       12%         3
d - Ice Form              Ice/Tmut       7%         N/A       34%         4

Your spell library contained the following spells:

 Spells                   Type           Power      Damage    Failure   Level
 Poisonous Vapours        Pois/Air       4%         N/A       11%         2
 Mephitic Cloud           Conj/Pois/Air  2%         N/A       21%         3
 Freezing Cloud           Conj/Ice/Air   1%         6-21      86%         5


Dungeon Overview and Level Annotations

Branches:
Dungeon (4/15)
 Temple: D:4-7

Altars:
Gozag
Qazlal


Innate Abilities, Weirdness & Mutations

You are a tree.
Your roots penetrate the ground, keeping you stationary.
You cannot be teleported.
You are immune to unholy pain and torment.
Your maximum health is greatly increased.
You cannot wear most types of armour.
((You are amphibious.))
You can wear up to eight rings at the same time.
((Your skin changes colour to match your surroundings (Stealth+).))
((Your rubbery body absorbs attacks. (AC +1, EV +1)))
((You are camouflaged when in or above water. (Stealth+)))
((You have tentacles for arms and can constrict up to eight enemies at once.))


Message History

You now have 273 gold pieces (gained 10).
Found a flail.
Found a robe.
An ogre comes into view. It is wielding a +0 giant club.
An ogre is nearby!
Casting: Spider Form (dangerous; 12% risk of failure)
Confirm with . or Enter, or press ? or * to list all spells.
Okay, then.
Casting: Spider Form (dangerous; 12% risk of failure)
Confirm with . or Enter, or press ? or * to list all spells.
You miscast Spider Form.
You are very lightly contaminated with residual magic.
Nothing appears to happen.
Unknown command.
You tentacle-slap the ogre. You squeeze the ogre.
The ogre is lightly wounded.
The ogre hits you with a +0 giant club!
You completely miss the ogre.
The ogre is lightly wounded.
You barely miss the ogre.
The ogre is lightly wounded.
The ogre hits you with a +0 giant club!
* * * LOW HITPOINT WARNING * * *
Unknown command.
Okay, then.
Okay, then.
Really quaff the potion of lignification?
You turn into a tree.
Your roots penetrate the ground.
The ogre hits you with a +0 giant club.
* * * LOW HITPOINT WARNING * * *
Unknown command.
You hit the ogre.
The ogre is moderately wounded.
Your magical contamination has completely faded away.
Unknown command.
You smack the ogre!
The ogre is severely wounded.
The ogre hits you with a +0 giant club!
You die...
Your body crumbles into a pile of gold.

...... $ # ........ #
#...$.. # #...... #
#.... ### # #.... ... #
##..####.# #
#..O.....#...#. .#
#..♣.....#.... .#
####..........#.#####.#
.........###'#'#.. ....#
.........##.....####....
.........##........'....
.......).##......###....
.........##.......##....
.........##.....#.).....
................###.....


You could see an ogre.

Vanquished Creatures
  The ghost of AwFulAwFulPlayer the Insei, an amateur OpMo (D:3)
  A hound (D:3)
  Ijyb (D:4)
  3 adders
  An ufetubus (D:3)
  2 worms
  4 dart slugs
  3 orcs
  3 bats
  4 endoplasms
  4 giant cockroaches
  7 goblins
  6 hobgoblins
  3 quokkas
  7 ball pythons
  3 frilled lizards
  5 kobolds
  11 rats
69 creatures vanquished.

Notes
Turn   | Place    | Note
-------+----------+-------------------------------------------
     0 | D:1      | olmar the Octopode Transmuter began the quest for the Orb.
     0 | D:1      | Reached XP level 1. HP: 13/13 MP: 3/3
   217 | D:1      | Reached XP level 2. HP: 17/18 MP: 3/5
   700 | D:1      | Reached XP level 3. HP: 13/23 MP: 4/6
   705 | D:1      | Reached skill level 1 in Stealth
   879 | D:1      | Learned a level 2 spell: Wereblood
  1416 | D:2      | Reached XP level 4. HP: 28/28 MP: 3/7
  2215 | D:3      | Found a runed translucent gate.
  2215 | D:3      | Found a runed translucent gate.
  2216 | D:3      | Found a runed translucent gate.
  2216 | D:3      | Found an opulent altar of Gozag.
  2219 | D:3      | Noticed AwFulAwFulPlayer's ghost (amateur OpMo)
  2885 | D:3      | Found a stormy altar of Qazlal.
  3191 | D:3      | Reached XP level 5. HP: 33/33 MP: 6/9
  3197 | D:3      | Killed AwFulAwFulPlayer's ghost
  3198 | D:3      | Reached skill level 4 in Unarmed Combat
  3198 | D:3      | Reached XP level 6. HP: 38/38 MP: 7/10
  3252 | D:3      | Became a worshipper of Gozag Ym Sagoz the Greedy
  3271 | D:3      | Learned a level 3 spell: Spider Form
  3333 | D:4      | Noticed Ijyb
  3339 | D:4      | Killed Ijyb
  3494 | D:4      | Learned a level 4 spell: Ice Form
  3695 | D:4      | Slain by an ogre

Illustrated notes

Levels and vault maps discovered:
D:1:      minmay_arrival_solitary_statue, layout_loops_ring
D:2:      layout_basic
D:3:      layout_basic, mainiacjoe_overflow_six_doors_small,
          ebering_ghost_gozag, nrook_uturn
D:4:      layout_basic, lemuel_mausoleum_altar_yredelemnul, uniq_ijyb

Skill      XL: |  1  2  3  4  5 |
---------------+----------------+-----
Stealth        | 1 2 3 |  3.8
Unarmed Combat | 4 |  4.7
Spellcasting   | 3 |  3.1
Fighting       | |  1.5
Dodging        | |  2.4
Transmutations | |  2.9

Action                     |  1- 3 |  4- 6 || total
---------------------------+-------+-------++-------
  Melee: Unarmed           |    64 |    83 ||   147
         Constrict         |    20 |    13 ||    33
         Tentacles         |    15 |    11 ||    26
         Kick              |    12 |     2 ||    14
         Punch             |     4 |     3 ||     7
   Cast: Beastly Appendage |    15 |     4 ||    19
         Wereblood         |     6 |     2 ||     8
         Spider Form       |       |     1 ||     1
    Use: Potion            |       |     2 ||     2
   Stab: Sleeping          |     7 |     4 ||    11
 Armour: Skin              |     3 |    18 ||    21
  Dodge: Dodged            |    24 |    47 ||    71

Table legend: (Time is in decaauts)
 A = Elapsed time spent in this place.
 B = Non-inter-level travel time spent in this place.
 C = Inter-level travel time spent in this place.
 D = Time resting spent in this place.
 E = Time spent auto-exploring this place.
 F = Levels seen in this place.
 G = Mean time per level.
                   A        B        C        D        E       F      G
               +--------+--------+--------+--------+--------+-----+--------+
         Total |   3683 |   3624 |     59 |    295 |   2830 |   4 |  920.8 |
       Dungeon |   3683 |   3624 |     59 |    295 |   2830 |   4 |  920.8 |
               +--------+--------+--------+--------+--------+-----+--------+

Top non-repeatable levels by time:
     D:3: 1395 daAuts
     D:2: 987 daAuts
     D:1: 901 daAuts
     D:4: 397 daAuts
